 Dungeon Crawl Stone Soup version 0.22-a0-570-g58866f5 (webtiles) character file.

5448 royokou the Destroyer (level 10, -6/60 HPs)
             Began as a Deep Elf Conjurer on June 30, 2018.
             Was a Priest of Vehumet.
             Mangled by an orc warrior
             ... wielding a +0 halberd
              (28 damage)
             ... in a bailey.
             The game lasted 01:09:21 (10870 turns).

royokou the Destroyer (Deep Elf Conjurer)          Turns: 10870, Time: 01:09:22

Health: -6/60      AC:  6    Str:  6    XL:     10   Next: 41%
Magic:  2/22       EV: 24    Int: 23    God:    Vehumet [***...]
Gold:   499        SH:  0    Dex: 20    Spells: 2/23 levels left

rFire    + . .     SeeInvis .   F - +6 scimitar (flame)
rCold    . . .     Gourm    .   (no shield)
rNeg     . . .     Faith    .   i - +0 robe
rPois    .         Spirit   .   y - +0 helmet
rElec    .         Reflect  .   g - scarf {repulsion}
rCorr    .         Harm     .   h - +1 pair of gloves
MR       +....                  w - +0 pair of boots
Stlth    +++.......             n - amulet of the acrobat
HPRegen  0.20/turn              o - ring of protection from fire
MPRegen  0.18/turn              (no ring)

@: agile, repel missiles
A: no striking features
a: Renounce Religion


You were in a bailey.
You worshipped Vehumet.
Vehumet was most pleased with you.
You were not hungry.

You visited 1 branch of the dungeon, and saw 9 of its levels.
You also visited: Bailey.

You collected 499 gold pieces.

Inventory:

Hand Weapons
 v - a +2 mace of holy wrath
 x - a +1 rapier of venom
 F - a +6 scimitar of flaming (weapon)
Armour
 g - a scarf of repulsion (worn)
 h - a +1 pair of gloves (worn)
 i - a +0 robe (worn)
 t - a +0 ring mail
 w - a +0 pair of boots (worn)
 y - a +0 helmet (worn)
Jewellery
 n - an amulet of the acrobat (around neck)
 o - a ring of protection from fire (left hand)
 E - a cursed ring of loudness
Wands
 q - a wand of digging (9)
 u - a wand of random effects (22)
 D - a wand of iceblast (3)
Scrolls
 b - a scroll of fear
 e - 2 scrolls of enchant weapon
 j - 3 scrolls of remove curse
 m - a scroll of identify
 s - 5 scrolls of teleportation
Potions
 a - 7 potions of curing
 k - a potion of lignification {unknown}
 l - 2 potions of mutation
 r - 2 potions of invisibility
 z - a potion of flight
 A - a potion of haste
Comestibles
 c - 11 rations
 f - a chunk of flesh


   Skills:
 * Level 6.2 Fighting
 + Level 8.4 Dodging
 - Level 2.4 Stealth
 - Level 7.1 Spellcasting
 - Level 10.7 Conjurations
 - Level 2.1 Translocations
 - Level 3.4 Fire Magic
 + Level 1.4 Air Magic
 + Level 4.0 Poison Magic


You had 2 spell levels left.
You knew the following spells:

 Your Spells              Type           Power        Failure   Level  Hunger
a - Magic Dart            Conj           ####         1%          1    None
b - Searing Ray           Conj           ######       1%          2    None
c - Dazzling Spray        Conj/Hex       ####..       1%          3    None
d - Iskenderun's Mystic   Conj           ######..     1%          4    ###....
e - Conjure Flame         Conj/Fire      #####...     1%          3    None
f - Mephitic Cloud        Conj/Pois/Air  ####....     1%          3    None
g - Blink                 Tloc           N/A          4%          2    None
h - Ignite Poison         Fire/Tmut/Pois ###.....     2%          3    None

Your spell library contained the following spells:

 Spells                   Type           Power        Failure   Level  Hunger
 Slow                     Hex            #.......     12%         2    None
 Call Imp                 Summ           #.......     12%         2    None
 Fulminant Prism          Conj/Hex       ####......   2%          4    ###....
 Force Lance              Conj/Tloc      #####...     1%          4    ###....


Dungeon Overview and Level Annotations

Branches:
Dungeon (9/15)             Temple (0/1) D:7
   Lair: D:8-11         Orc: D:9-12

Altars:
Okawaru
Trog
Uskayaw
Vehumet
Yredelemnul
The Shining One

Annotations:
D:2 Natasha


Message History

Casting: Mephitic Cloud (safe; 1% risk of failure)
Confirm with . or Enter, or press ? or * to list all spells.
Okay, then.
Okay, then.
Aiming: Iceblast
Press: ? - help, Shift-Dir - straight line, f - orc warrior
Aim: an orc warrior, wielding a halberd and wearing a shiny crystal plate armour (almost dead)
The mass of ice explodes!
The iceblast engulfs the orc warrior.
The orc warrior is almost dead.
The iceblast engulfs the orc.
You kill the orc!
Vehumet accepts your kill.
The orc warrior hits you from afar with a halberd.
Aiming: Iceblast
Press: ? - help, Shift-Dir - straight line, f/p - orc warrior
Aim: an orc warrior, wielding a halberd and wearing a shiny crystal plate armour (almost dead)
The mass of ice explodes!
The iceblast engulfs the orc warrior.
The orc warrior is almost dead.
The orc warrior hits you from afar with a halberd!!
You die...

### # ##@#########
.... #.∩.##.....##
≈≈≈..#)o.#..≈≈≈..#
≈o≈≈.......≈≈.≈≈.#.
.oo≈....)..≈o∩.≈.'.
≈o≈≈.....)o≈≈.≈≈.#
≈≈≈..#...#).≈≈≈..#
....##...##..().##
#### ##∩#########


You could see 2 orc warriors.

Vanquished Creatures
  Erica (D:8)
  A two-headed ogre (D:8)
  Eustachio (D:4)
  Menkaure (D:6)
  Edmund (D:5)
  Duvessa (D:4)
  8 orc warriors (Bailey)
  2 ice beasts (D:7)
  Purgy (D:3)
  5 ogres
  A necrophage (D:7)
  7 centaurs
  A big kobold (D:7)
  Blork the orc (D:4)
  A bullfrog (D:6)
  A gnoll sergeant (D:8)
  4 scorpions
  Dowan (D:4)
  A howler monkey (D:5)
  A crimson imp (D:5)
  4 hounds
  Crazy Yiuf (D:3)
  2 orc priests
  2 jellies
  7 orc wizards
  A bullfrog skeleton (D:4)
  Jessica (D:3)
  Terence (D:2)
  An iguana (D:7)
  Natasha (twice) (D:2)
  3 worker ants
  A killer bee zombie (D:8)
  A hound zombie (D:8)
  Robin (D:4)
  A howler monkey zombie (D:7)
  A worker ant zombie (D:7)
  11 gnolls
  8 adders
  A shadow imp (D:6)
  9 worms
  A dart slug (D:2)
  4 leopard geckos
  16 orcs
  2 ball pythons (D:1)
  8 bats
  3 giant cockroaches
  12 hobgoblins
  10 jackals
  9 quokkas
  9 frilled lizards
  18 goblins
  A jackal skeleton (D:5)
  9 kobolds
  A leopard gecko skeleton (D:4)
  A leopard gecko zombie (D:6)
  A quokka skeleton (D:7)
  6 rats
211 creatures vanquished.

Notes
Turn   | Place    | Note
-------+----------+-------------------------------------------
     0 | D:1      | royokou the Deep Elf Conjurer began the quest for the Orb.
     0 | D:1      | Reached XP level 1. HP: 10/10 MP: 6/6
   102 | D:1      | Reached XP level 2. HP: 15/15 MP: 2/8
   106 | D:1      | Learned a level 2 spell: Searing Ray
   437 | D:1      | Reached skill level 5 in Conjurations
   600 | D:2      | Found a basalt altar of Yredelemnul.
   904 | D:2      | Reached XP level 3. HP: 19/19 MP: 3/10
  1074 | D:2      | Noticed Terence
  1082 | D:2      | Killed Terence
  1215 | D:2      | Learned a level 3 spell: Dazzling Spray
  1240 | D:2      | Reached XP level 4. HP: 24/24 MP: 8/12
  1355 | D:2      | Noticed Natasha
  1357 | D:2      | Killed Natasha
  1378 | D:2      | Found a radiant altar of Vehumet.
  1381 | D:2      | Found a glowing golden altar of the Shining One.
  1384 | D:2      | Found a bloodstained altar of Trog.
  1444 | D:2      | Noticed Natasha
  1448 | D:2      | Killed Natasha
  1448 | D:2      | Reached skill level 6 in Conjurations
  1617 | D:2      | Noticed Natasha
  1750 | D:2      | Found a faded altar of an unknown god.
  1962 | D:3      | Noticed Purgy
  1968 | D:3      | Reached XP level 5. HP: 22/28 MP: 3/14
  1981 | D:2      | Found a hide-covered altar of Uskayaw.
  2021 | D:2      | Became a worshipper of Vehumet
  2093 | D:3      | Killed Purgy
  2093 | D:3      | Reached skill level 5 in Spellcasting
  2320 | D:3      | Noticed Jessica
  2325 | D:3      | Killed Jessica
  2325 | D:3      | Reached skill level 7 in Conjurations
  2343 | D:3      | Reached XP level 6. HP: 32/32 MP: 9/16
  2824 | D:3      | Found a runed door.
  2970 | D:3      | Noticed Crazy Yiuf
  2974 | D:3      | Killed Crazy Yiuf
  3233 | D:4      | Reached * piety under Vehumet
  3233 | D:4      | Offered knowledge of Sting by Vehumet.
  3307 | D:4      | Reached skill level 8 in Conjurations
  3331 | D:4      | Learned a level 4 spell: Iskenderun's Mystic Blast
  3360 | D:4      | Got a faintly glowing scale mail
  3439 | D:4      | Noticed Eustachio
  3444 | D:4      | Killed Eustachio
  3444 | D:4      | Reached XP level 7. HP: 36/36 MP: 7/18
  3448 | D:4      | Noticed Blork the orc
  3466 | D:4      | Reached skill level 9 in Conjurations
  3572 | D:4      | Killed Blork the orc
  3911 | D:4      | Noticed Duvessa
  3918 | D:4      | Noticed Dowan
  3919 | D:4      | Noticed Robin
  3927 | D:4      | Killed Dowan
  4061 | D:4      | Killed Robin
  4274 | D:4      | Killed Duvessa
  4274 | D:4      | Reached skill level 10 in Conjurations
  4274 | D:4      | Reached XP level 8. HP: 26/41 MP: 1/19
  4568 | D:5      | Entered Level 5 of the Dungeon
  4851 | D:5      | Reached skill level 1 in Fighting
  5186 | D:5      | Noticed Edmund
  5189 | D:5      | Killed Edmund
  5371 | D:5      | Reached skill level 5 in Dodging
  5484 | D:5      | Offered knowledge of Shock by Vehumet.
  5669 | D:5      | Reached ** piety under Vehumet
  6291 | D:6      | Learned a level 3 spell: Conjure Flame
  6401 | D:5      | Learned a level 3 spell: Mephitic Cloud
  6404 | D:5      | Learned a level 2 spell: Blink
  6418 | D:6      | Reached XP level 9. HP: 51/52 MP: 4/20
  6553 | D:6      | Identified the +0 scale mail "Ewieda" {Regen+} (You found it on level 4 of the Dungeon)
  6688 | D:6      | Reached skill level 1 in Translocations
  7183 | D:6      | Noticed Menkaure
  7186 | D:6      | Killed Menkaure
  8676 | D:7      | Offered knowledge of Ignite Poison by Vehumet.
  8676 | D:7      | Reached skill level 5 in Fighting
  8786 | D:7      | Found a staircase to the Ecumenical Temple.
  8798 | D:7      | Found the +4 dagger "Morg" {pain, MR+ Int+5}
  8904 | D:7      | Found an iron altar of Okawaru.
  9605 | D:8      | Noticed a two-headed ogre
  9610 | D:8      | Killed a two-headed ogre
  9639 | D:7      | Learned a level 3 spell: Ignite Poison
  9853 | D:8      | Noticed Erica
 10192 | D:8      | Reached XP level 10. HP: 59/59 MP: 14/22
 10305 | D:8      | Killed Erica
 10571 | D:8      | Reached *** piety under Vehumet
 10782 | D:9      | Found a flagged portal.
 10814 | Bailey   | Entered a bailey
 10826 | Bailey   | Reached skill level 1 in Air Magic
 10870 | Bailey   | Mangled by an orc warrior

Vault maps used:
D:1:      dpeg_arrival_tiny_h
D:2:      nicolae_overflow_hidden_temple, chequers_ecumenical_altar_lobes,
          uniq_natasha, uniq_terence
D:3:      first_ration, uniq_jessica, uniq_purgy, uniq_crazy_yiuf_cottage
D:4:      uniq_robin, uniq_blork_the_orc, uniq_duvessa, uniq_eustachio
D:5:      minmay_misc_feat_diagonals, uniq_edmund
D:6:      uniq_menkaure
D:7:      kennysheep_okawaru_gauntlet, minmay_temple_entry_grid
D:8:      uniq_erica
D:9:      grunt_lair_entry_orc_guard_hut, enter_bailey_2, the_bakery
Bailey:   bailey_polearm_4, bailey

Skill      XL: |  1  2  3  4  5  6  7  8  9 10 |
---------------+-------------------------------+-----
Conjurations   | 5 6 7 8 10 | 10.7
Spellcasting   | 4 5 6 7 |  7.1
Fighting       | 3 5 6 |  6.2
Dodging        | 6 7 8 |  8.4
Translocations | 2 |  2.1
Fire Magic     | 2 3 |  3.4
Poison Magic   | 2 4 |  4.0
Air Magic      | 1 |  1.4
Stealth        | |  2.4

Action                   |  1- 3 |  4- 6 |  7- 9 | 10-12 || total
-------------------------+-------+-------+-------+-------++-------
Melee: Unarmed           |     4 |       |       |       ||     4
       Mace              |       |     1 |    21 |     2 ||    24
       Scimitar          |       |       |       |    10 ||    10
 Cast: Magic Dart        |    44 |    28 |    81 |     9 ||   162
       Searing Ray       |    10 |    32 |     8 |     4 ||    54
       Dazzling Spray    |       |     6 |       |       ||     6
       Iskenderun's Myst |       |     1 |   118 |     6 ||   125
       Mephitic Cloud    |       |       |    15 |    14 ||    29
       Conjure Flame     |       |       |     7 |     2 ||     9
       Blink             |       |       |     5 |     1 ||     6
       Ignite Poison     |       |       |     1 |     3 ||     4
Evoke: Wand              |       |       |       |     3 ||     3
  Use: Scroll            |       |     3 |     6 |     7 ||    16
       Potion            |       |       |     6 |     2 ||     8
  Eat: Chunk             |     1 |     7 |    23 |     3 ||    34
       Ration            |       |       |     3 |       ||     3
Armor: Robe              |     3 |    10 |    13 |     5 ||    31
Dodge: Dodged            |     4 |    67 |    64 |    64 ||   199
       Deflected         |       |     1 |     6 |       ||     7
       Rpst.: Scimitar   |       |       |       |     7 ||     7

Table legend:
 A = Spawn XP
 B = Non-spawn XP
 C = Spawn XP percentage of total XP
 D = Spawn monster count
 E = Non-spawn monster count
 F = Spawn count percentage of total count
 G = Total turns spent on level
                    A         B        C        D         E        F      G
               +---------+---------+-------+---------+---------+-------+---------
         Total |       0 |    7783 |   0.0 |       0 |     211 |   0.0 | 10870
               +---------+---------+-------+---------+---------+-------+---------
           D:1 |       0 |      31 |   0.0 |       0 |      20 |   0.0 |   581
           D:2 |       0 |     160 |   0.0 |       0 |      24 |   0.0 |  1471
           D:3 |       0 |     378 |   0.0 |       0 |      39 |   0.0 |  1583
           D:4 |       0 |     862 |   0.0 |       0 |      28 |   0.0 |   933
           D:5 |       0 |    1071 |   0.0 |       0 |      25 |   0.0 |  1736
           D:6 |       0 |     917 |   0.0 |       0 |      22 |   0.0 |  1544
           D:7 |       0 |     956 |   0.0 |       0 |      25 |   0.0 |  2178
           D:8 |       0 |    2353 |   0.0 |       0 |      16 |   0.0 |   750
           D:9 |       0 |       2 |   0.0 |       0 |       1 |   0.0 |    38
        Bailey |       0 |    1053 |   0.0 |       0 |      11 |   0.0 |    56
               +---------+---------+-------+---------+---------+-------+---------
